[Event "ICC tourney 2148 (70 10)"]
[Site "Internet Chess Club"]
[Date "2020.11.22"]
[Round "6"]
[White "Judtyr123"]
[Black "Wubbs"]
[Result "1-0"]
[ICCResult "Black checkmated"]
[WhiteElo "1102"]
[BlackElo "865"]
[Opening "Sicilian: Najdorf, Zagreb (fianchetto) variation"]
[ECO "B91"]
[NIC "SI.14"]
[Time "19:31:38"]
[TimeControl "4200+10"]

1. e4 c5 2. Nf3 d6 3. d4 cxd4 4. Nxd4 Nf6 5. Nc3 a6 6. g3 Bg4 7. Qd3 e5 8.
Nf3 Nbd7 9. Bg2 b5 10. a3 Be6 11. Be3 Be7 12. O-O Bc4 13. Qd2 Bxf1 14. Rxf1
O-O 15. Rd1 Nc5 16. Ne1 Ng4 17. Nd3 Nxe3 18. Qxe3 Rc8 19. Nxe5 Bf6 20. Ng4
Bxc3 21. bxc3 Qe7 22. Qd4 Rfd8 23. f3 h5 24. Ne3 Qe5 25. Qxe5 dxe5 26. Nd5
Kh7 27. Bh3 Rc7 28. Bf5+ Kh6 29. Kf2 Na4 30. Ne7 Re8 31. Rd6+ f6 32. Nd5 Rc5
33. Rd7 Nxc3 34. Nxf6 Rf8 35. Ne8 g6 36. Rd6 Rxf5 37. exf5 e4 38. fxg6 e3+
39. Kg2 Rd5 40. g7+ Rxd6 41. g8=Q Rg6 42. Qh8+ Kg5 43. f4+ Kf5 44. Qe5+ Kg4
45. h3# {Black checkmated} 1-0

[Event "ICC tourney 2148 (70 10)"]
[Site "Internet Chess Club"]
[Date "2020.11.22"]
[Round "6"]
[White "aravsaksena"]
[Black "jackhilgenberg"]
[Result "1-0"]
[ICCResult "Black checkmated"]
[WhiteElo "1180"]
[BlackElo "965"]
[Opening "French defense"]
[ECO "C00"]
[NIC "FR.01"]
[Time "19:31:32"]
[TimeControl "4200+10"]

1. e4 e6 2. Nf3 d5 3. exd5 exd5 4. d4 Nc6 5. Bf4 Bd6 6. Bxd6 Qxd6 7. Nc3 Nf6
8. Nb5 Qb4+ 9. c3 Qe7+ 10. Be2 O-O 11. O-O a6 12. Na3 Bf5 13. Nc2 Ne4 14.
Ne3 Qd7 15. Ne5 Nxe5 16. dxe5 Rad8 17. Bg4 Bxg4 18. Nxg4 Rfe8 19. Qd3 h5 20.
Ne3 Rxe5 21. Rad1 c6 22. Nc4 Rg5 23. f3 Nc5 24. Qe3 Qf5 25. Qxc5 Qc2 26. Qf2
Qf5 27. f4 Rg6 28. Ne3 Qf6 29. f5 Rg5 30. h4 Rg4 31. Nxg4 hxg4 32. c4 b5 33.
cxd5 Rxd5 34. Rxd5 cxd5 35. Rd1 Qe5 36. Qd4 Qxf5 37. Qxd5 Qg6 38. Qd3 Qf6
39. Qe4 g3 40. Rf1 Qb6+ 41. Kh1 Qh6 42. Qf4 Qg6 43. Qf5 Qd6 44. Qxf7+ Kh7
45. Qf5+ Kg8 46. Re1 Qc6 47. Qe6+ Qxe6 48. Rxe6 Kf7 49. Rxa6 b4 50. Rb6 b3
51. Rxb3 g5 52. hxg5 Kg6 53. Rb5 Kg7 54. Rb6 Kg8 55. Rb7 Kh8 56. a4 Kg8 57.
a5 Kf8 58. a6 Ke8 59. a7 Kd8 60. a8=Q# {Black checkmated} 1-0

[Event "ICC tourney 2148 (70 10)"]
[Site "Internet Chess Club"]
[Date "2020.11.22"]
[Round "6"]
[White "KIDFIRE"]
[Black "anandurbarkar"]
[Result "1-0"]
[ICCResult "Black checkmated"]
[WhiteElo "796"]
[BlackElo "913"]
[Opening "Queen's pawn game, Chigorin variation"]
[ECO "D02"]
[NIC "QP.08"]
[Time "19:31:21"]
[TimeControl "4200+10"]

1. d4 d5 2. Nf3 Nc6 3. Bg5 Nf6 4. Bxf6 exf6 5. e3 a6 6. Bd3 g6 7. c3 Bg4 8.
Qc2 Qd6 9. Nbd2 O-O-O 10. h3 Bxf3 11. Nxf3 f5 12. O-O Bg7 13. Rfb1 Rhe8 14.
a4 h6 15. b4 Ne7 16. a5 b5 17. Nd2 c6 18. Nb3 Qc7 19. Nc5 Qa7 20. Qe2 Ng8
21. Qf3 Nf6 22. Qf4 Ne4 23. Bxe4 dxe4 24. Rd1 h5 25. Rd2 Bf8 26. Rad1 Bd6
27. Qg5 Be7 28. Qf4 Bd6 29. Qh6 Bf8 30. Qh7 g5 31. Qxf5+ Kb8 32. Qxg5 Rd5
33. Qf4+ Bd6 34. Qh6 Rg8 35. Nxe4 Qe7 36. Nxd6 Rxd6 37. Qxh5 Rdg6 38. g3 Qe4
39. Qc5 Kc7 40. Qb6+ Kd6 41. d5 Rh8 42. Qxc6+ Ke5 43. Qc7+ Kf6 44. Qf4+ Qf5
45. Qxf5+ Kxf5 46. d6 Rxh3 47. d7 Rgh6 48. d8=Q Rh1+ 49. Kg2 R6h2+ 50. Kf3
Rh5 51. Rd5+ Kg6 52. Qg8+ Kf6 53. Rd6+ Ke5 54. R1d5# {Black checkmated} 1-0

[Event "ICC tourney 2148 (70 10)"]
[Site "Internet Chess Club"]
[Date "2020.11.22"]
[Round "6"]
[White "Fresjavacado"]
[Black "chesspen2011"]
[Result "1-0"]
[ICCResult "Black checkmated"]
[WhiteElo "757"]
[BlackElo "891"]
[Opening "King's pawn game"]
[ECO "C50"]
[NIC "IG.03"]
[Time "19:31:47"]
[TimeControl "4200+10"]

1. e4 e5 2. Nf3 Nc6 3. Bc4 Nd4 4. Nxe5 Qg5 5. Nxf7 Qxg2 6. Nd6+ cxd6 7. Qh5+
g6 8. Bf7+ Kxf7 9. Qd5+ Ke8 10. Qxd4 Qxh1+ 11. Ke2 b6 12. Qxh8 Ba6+ 13. d3
Qxe4+ 14. Be3 Qg4+ 15. Kd2 Rc8 16. Nc3 Ne7 17. Qxh7 Nf5 18. Re1 Kd8 19. Qf7
Kc7 20. Nd5+ Kb8 21. a3 Qa4 22. Nc3 Qc6 23. Bf4 Nd4 24. Re8 Nf3+ 25. Ke3 Ng1
26. Qxf8 Qf3+ 27. Kd2 Qxf2+ 28. Ne2 Rxe8 29. Bxd6+ Kb7 30. Qxf2 Rxe2+ 31.
Qxe2 Nxe2 32. Kxe2 Kc6 33. Bf4 Bb5 34. c4 Ba6 35. b4 Bc8 36. b5+ Kb7 37. Ke3
a6 38. a4 axb5 39. axb5 Ka8 40. d4 Bb7 41. d5 Ka7 42. Ke4 Bc8 43. Ke5 d6+
44. Kf6 Bf5 45. h4 Bd3 46. Bxd6 Bxc4 47. Kxg6 Bxd5 48. h5 Ba2 49. h6 Bb1+
50. Kf6 Kb7 51. Ke5 Kc8 52. Ke6 Kb7 53. Kd7 Bc2 54. Be5 Bb1 55. Bc7 Bd3 56.
Kd6 Bc2 57. Bd8 Bd3 58. Kd5 Bc2 59. Kd4 Bb1 60. Kc4 Bc2 61. Kc3 Be4 62. Kd4
Bb1 63. Ke5 Bc2 64. Kf6 Kc8 65. Bxb6 Kd7 66. Kg7 Kd6 67. Bd4 Kd5 68. b6 Kc6
69. h7 Bxh7 70. Kxh7 Kb7 71. Kg7 Kc6 72. Kf7 Kb7 73. Ke7 Kc6 74. Kd8 Kb7 75.
Kd7 Kb8 76. Kc6 Ka8 77. Bc3 Kb8 78. Be5+ Ka8 79. b7+ Ka7 80. b8=Q+ Ka6 81.
Qb6# {Black checkmated} 1-0

[Event "ICC tourney 2148 (70 10)"]
[Site "Internet Chess Club"]
[Date "2020.11.22"]
[Round "6"]
[White "mewto12345"]
[Black "dolphins4life"]
[Result "1-0"]
[ICCResult "Black checkmated"]
[WhiteElo "1278"]
[BlackElo "745"]
[Opening "Queen's pawn game"]
[ECO "A46"]
[NIC "QP.05"]
[Time "19:31:31"]
[TimeControl "4200+10"]

1. d4 Nf6 2. Nf3 e6 3. Bf4 d5 4. e3 c5 5. c3 Nc6 6. Bb5 Bd7 7. O-O cxd4 8.
exd4 Be7 9. Re1 O-O 10. h3 h6 11. Nbd2 a6 12. Ba4 Rc8 13. Bc2 Na5 14. Ne5
Nc4 15. Ndxc4 dxc4 16. Qe2 Nd5 17. Bh2 b5 18. Qe4 f5 19. Qe2 Rf6 20. Nxd7
Qxd7 21. Be5 Rg6 22. Qd2 Bd6 23. Qe2 Qc6 24. Qf3 Bxe5 25. Rxe5 Nf4 26. Qxc6
Rxc6 27. g4 Nxh3+ 28. Kh2 Nxf2 29. gxf5 exf5 30. Rxf5 Ng4+ 31. Kh3 Ne3 32.
Rf2 Nxc2 33. Rxc2 Rg5 34. Rg2 Rh5+ 35. Kg3 Rg6+ 36. Kf2 Rf5+ 37. Kg1 Rxg2+
38. Kxg2 g5 39. Rd1 Rd5 40. Rh1 Kg7 41. Kf3 Kg6 42. Kg4 Rf5 43. Rxh6+ Kxh6
44. Kxf5 g4 45. Kxg4 Kg6 46. Kf4 Kf6 47. Ke4 Ke6 48. d5+ Kd6 49. Kd4 a5 50.
a3 a4 51. Ke4 Kd7 52. Ke5 Ke7 53. d6+ Kd7 54. Kd5 Kd8 55. Kc5 Kd7 56. Kxb5
Kxd6 57. Kxc4 Kc6 58. Kb4 Kb6 59. Kxa4 Ka6 60. b4 Kb7 61. c4 Kb8 62. c5 Ka8
63. Kb5 Kb7 64. c6+ Kc7 65. Kc5 Kc8 66. b5 Kb8 67. b6 Kc8 68. Kd6 Kb8 69.
c7+ Kc8 70. b7+ Kxb7 71. Kd7 Ka6 72. c8=Q+ Ka5 73. Qa8+ Kb5 74. a4+ Kb4 75.
a5 Kb3 76. Qe4 Kc3 77. a6 Kd2 78. a7 Kc3 79. a8=Q Kd2 80. Qad5+ Kc3 81.
Qec4+ Kb2 82. Qdb5+ Ka1 83. Qca4# {Black checkmated} 1-0

[Event "ICC tourney 2148 (70 10)"]
[Site "Internet Chess Club"]
[Date "2020.11.22"]
[Round "6"]
[White "Popularmmose"]
[Black "Deng20"]
[Result "1-0"]
[ICCResult "Black checkmated"]
[WhiteElo "1011"]
[BlackElo "762"]
[Opening "King's knight's gambit"]
[ECO "C34"]
[NIC "KG.02"]
[Time "19:31:15"]
[TimeControl "4200+10"]

1. e4 e5 2. f4 exf4 3. Nf3 Bc5 4. d4 Bb6 5. Bxf4 Nf6 6. Nc3 d6 7. Bc4 O-O 8.
Qd3 Be6 9. Bxe6 fxe6 10. O-O-O Nbd7 11. Bg5 e5 12. dxe5 dxe5 13. Bxf6 Nxf6
14. Qc4+ Kh8 15. Rxd8 Raxd8 16. Nxe5 Rde8 17. Nf7+ Kg8 18. Nd6+ Kh8 19. Nxe8
Rxe8 20. Re1 Nd7 21. Nd5 c6 22. Nxb6 Nxb6 23. Qf7 Rb8 24. e5 Nd5 25. e6 a6
26. e7 Nxe7 27. Rxe7 Rg8 28. Re8 Rxe8 29. Qxe8# {Black checkmated} 1-0

[Event "ICC tourney 2148 (70 10)"]
[Site "Internet Chess Club"]
[Date "2020.11.22"]
[Round "6"]
[White "Ldon22"]
[Black "thomasamdur"]
[Result "1/2-1/2"]
[ICCResult "Game drawn by repetition"]
[WhiteElo "787"]
[BlackElo "889"]
[Opening "Caro-Kann: advance variation"]
[ECO "B12"]
[NIC "CK.04"]
[Time "19:31:21"]
[TimeControl "4200+10"]

1. e4 c6 2. d4 d5 3. e5 Bf5 4. Bd3 Bxd3 5. Qxd3 e6 6. Nf3 Qb6 7. O-O c5 8.
c3 Nc6 9. a3 Nge7 10. b4 cxd4 11. cxd4 Nf5 12. Be3 a5 13. b5 Na7 14. a4 Rc8
15. Nc3 Bb4 16. Nxd5 exd5 17. Qxf5 Rc4 18. Ng5 Rc7 19. Qf3 h6 20. Nh3 Bc3
21. Rac1 O-O 22. Qxd5 Rfc8 23. Rfd1 Qg6 24. Nf4 Qb6 25. Qe4 Nxb5 26. axb5
Qxb5 27. Qd5 Qa6 28. Qa2 b5 29. Nd5 Rc4 30. Ne7+ Kh8 31. Nxc8 Rxc8 32. Rd3
b4 33. d5 a4 34. Rdxc3 Rxc3 35. d6 Rxc1+ 36. Bxc1 b3 37. Qb2 a3 38. Qxa3 Qd3
39. g3 Qd1+ 40. Kg2 Qd5+ 41. f3 Qxe5 42. d7 Qe2+ 43. Kh3 Qf1+ 44. Kg4 Qc4+
45. f4 Qe2+ 46. Kh4 Qxh2+ 47. Kg4 Qe2+ 48. Kh3 Qh5+ 49. Kg2 Qe2+ 50. Kg1
Qe1+ 51. Kh2 Qe2+ 52. Kh3 Qh5+ 53. Kg2 Qe2+ 54. Kg1 Qe1+ 55. Kh2 Qe2+ 56.
Kh1 Qf1+ 57. Kh2 Qe2+ 58. Kg1 Qe1+ 59. Kg2 Qe2+ 60. Kh3
{Game drawn by repetition}
1/2-1/2

[Event "ICC tourney 2148 (70 10)"]
[Site "Internet Chess Club"]
[Date "2020.11.22"]
[Round "6"]
[White "JaiO"]
[Black "DungBeetle"]
[Result "0-1"]
[ICCResult "White checkmated"]
[WhiteElo "945"]
[BlackElo "1147"]
[Opening "Sicilian: Anderssen variation"]
[ECO "B41"]
[NIC "SI.41"]
[Time "19:31:18"]
[TimeControl "4200+10"]

1. e4 c5 2. Nf3 e6 3. d4 cxd4 4. Nxd4 Nf6 5. Nc3 Nc6 6. Nxc6 bxc6 7. Bg5 h6
8. Bh4 Be7 9. e5 Nd5 10. Bxe7 Qxe7 11. Nxd5 cxd5 12. c3 O-O 13. Qh5 d4 14.
Qf3 dxc3 15. Qxc3 Bb7 16. f3 Rac8 17. Qa3 Qg5 18. Qd6 Rc2 19. Qd4 Rfc8 20.
f4 Qh4+ 21. g3 Qg4 22. Rg1 Rc1+ 23. Kd2 Qd1+ 24. Ke3 Qf3+ 25. Kd2 R8c2#
{White checkmated}
0-1

[Event "ICC tourney 2148 (70 10)"]
[Site "Internet Chess Club"]
[Date "2020.11.22"]
[Round "6"]
[White "gravesal33"]
[Black "ARNAVG094"]
[Result "1-0"]
[ICCResult "Black checkmated"]
[WhiteElo "955"]
[BlackElo "704"]
[Opening "Queen's pawn: Charlick (Englund) gambit"]
[ECO "A40"]
[NIC "QO.17"]
[Time "19:31:44"]
[TimeControl "4200+10"]

1. d4 e5 2. dxe5 Nc6 3. Nf3 Qe7 4. e3 Nxe5 5. Nc3 Nxf3+ 6. Qxf3 Nf6 7. Bc4
c6 8. O-O d5 9. Bd3 Bg4 10. Qg3 Qd7 11. f3 Bd6 12. Qe1 Be6 13. a3 O-O 14. e4
dxe4 15. fxe4 Be5 16. Bg5 Bd4+ 17. Kh1 Qd6 18. Bxf6 Bxf6 19. Ne2 Bxb2 20.
Rd1 Qxa3 21. Qg3 Qe7 22. e5 f6 23. Qh4 g6 24. c3 Kg7 25. Bc4 Bxc4 26. Qxc4
Qxe5 27. Rd7+ Kh6 28. Ng3 Qxc3 29. Qh4# {Black checkmated} 1-0

[Event "ICC tourney 2148 (70 10)"]
[Site "Internet Chess Club"]
[Date "2020.11.22"]
[Round "6"]
[White "AlexRashkovan"]
[Black "auggie29"]
[Result "1-0"]
[ICCResult "Black checkmated"]
[WhiteElo "863"]
[BlackElo "1045"]
[Opening "French: advance, Paulsen attack"]
[ECO "C02"]
[NIC "FR.03"]
[Time "19:31:45"]
[TimeControl "4200+10"]

1. e4 e6 2. d4 d5 3. e5 c5 4. c3 Nc6 5. Nf3 f6 6. Be3 Qb6 7. Qd2 cxd4 8.
cxd4 fxe5 9. dxe5 Bc5 10. Bxc5 Qxc5 11. Nc3 Nge7 12. Rc1 Ng6 13. Ne4 Qe7 14.
Nd6+ Kd8 15. Qc3 Rb8 16. Bb5 Bd7 17. O-O Rf8 18. Nxb7+ Rxb7 19. Bxc6 Bxc6
20. Qxc6 Qd7 21. Nd4 Qxc6 22. Rxc6 Nxe5 23. Rxe6 Re8 24. Rxe5 Rxe5 25. Nc6+
Ke8 26. Nxe5 Rxb2 27. a3 Ra2 28. Re1 Kf8 29. h3 Rxa3 30. Nd7+ Kf7 31. Rd1
Ke6 32. Nf8+ Kd6 33. Nxh7 Ra4 34. g4 d4 35. Ng5 Kd5 36. Kg2 Ra3 37. Nf3 d3
38. Kg3 Kc4 39. Kf4 Kc3 40. Ke3 Kc2 41. Rd2+ Kc3 42. Rxd3+ Kb4 43. Rxa3 Kxa3
44. g5 a5 45. h4 a4 46. h5 Kb3 47. h6 gxh6 48. gxh6 a3 49. h7 Kb2 50. h8=Q+
Kb1 51. Nd2+ Kc2 52. Qa1 a2 53. Qxa2+ Kc1 54. Qb1# {Black checkmated} 1-0

[Event "ICC tourney 2148 (70 10)"]
[Site "Internet Chess Club"]
[Date "2020.11.22"]
[Round "6"]
[White "wanderingeigeas"]
[Black "AwesomeWarrior"]
[Result "0-1"]
[ICCResult "White resigns"]
[WhiteElo "1144"]
[BlackElo "1036"]
[Opening "Giuoco Piano: LaBourdonnais variation"]
[ECO "C44"]
[NIC "SO.06"]
[Time "19:32:10"]
[TimeControl "4200+10"]

1. e4 e5 2. Nf3 Nc6 3. d4 exd4 4. Bc4 Bc5 5. c3 d6 6. cxd4 Bb6 7. O-O Nf6 8.
e5 dxe5 9. dxe5 Qxd1 10. Rxd1 Ng4 11. Kf1 Bxf2 12. h3 Ngxe5 13. Bb5 Nxf3 14.
Kxf2 Ne5 15. Re1 f6 16. Bf4 O-O 17. Nc3 a6 18. Ba4 Nd3+ 19. Kf3 Nxe1+ 20.
Rxe1 b5 21. Bb3+ Kh8 22. Bd5 Bb7 23. Re6 Nd4+ {White resigns} 0-1

[Event "ICC tourney 2148 (70 10)"]
[Site "Internet Chess Club"]
[Date "2020.11.22"]
[Round "6"]
[White "danamby"]
[Black "catcity"]
[Result "0-1"]
[ICCResult "White checkmated"]
[WhiteElo "1040"]
[BlackElo "1286"]
[Opening "Four knights"]
[ECO "C49"]
[NIC "KP.03"]
[Time "19:32:10"]
[TimeControl "4200+10"]

1. e4 e5 2. Nc3 Nc6 3. Nf3 Nf6 4. Bb5 Bb4 5. O-O O-O 6. d3 Bxc3 7. bxc3 Ne7
8. Nxe5 c6 9. Ba4 d5 10. exd5 Qxd5 11. d4 Qa5 12. Bb3 Qxc3 13. Ba3 Nfd5 14.
Re1 Re8 15. Bxe7 Rxe7 16. Bxd5 cxd5 17. Re3 Qc7 18. Rg3 Bf5 19. c3 Rc8 20.
Ng4 Bg6 21. Ne3 Rce8 22. Nxd5 Re1+ 23. Qxe1 Rxe1+ 24. Rxe1 Qd7 25. Rge3 h6
26. Nf4 Bf5 27. Re7 Qc6 28. d5 Qd6 29. R1e5 g5 30. Nh5 Be6 31. Re8+ Kh7 32.
Re3 Kg6 33. Ng3 Qxd5 34. h3 Qxa2 35. Rb8 Qb2 36. Re2 Qb1+ 37. Kh2 b5 38. Re4
a5 39. c4 b4 40. Ra8 Qa2 41. c5 b3 42. Re1 Qxf2 43. Rb1 Bd5 44. Ra6+ f6 45.
Rg1 b2 46. Rb6 Qxc5 47. Rxb2 a4 48. Ra1 a3 49. Rd2 Qc3 50. Rdd1 a2 51. Rac1
Qb2 52. Rg1 Bxg2 53. Rxg2 Qxc1 54. Rxa2 h5 55. Rg2 Qf4 56. Kh1 h4 57. Ne2
Qf1+ 58. Ng1 f5 59. Kh2 Kh5 60. Kh1 g4 61. Kh2 g3+ 62. Kh1 Qb1 63. Re2 Qb7+
64. Rg2 f4 65. Ne2 f3 66. Nf4+ Kh6 67. Rg1 f2+ 68. Ng2 fxg1=Q+ 69. Kxg1 Qb1+
70. Ne1 Qxe1+ 71. Kg2 Qf2+ 72. Kh1 Qh2# {White checkmated} 0-1

[Event "ICC tourney 2148 (70 10)"]
[Site "Internet Chess Club"]
[Date "2020.11.22"]
[Round "6"]
[White "arjunbidani"]
[Black "ishirlakhani"]
[Result "0-1"]
[ICCResult "White resigns"]
[WhiteElo "595"]
[BlackElo "997"]
[Opening "QGD semi-Slav"]
[ECO "D43"]
[NIC "QO.16"]
[Time "19:32:10"]
[TimeControl "4200+10"]

1. d4 d5 2. c4 e6 3. Nc3 Nf6 4. Nf3 c6 5. cxd5 cxd5 6. Qb3 Nc6 7. a3 Bd6 8.
g3 h6 9. Bg2 O-O 10. O-O Qb6 11. Qxb6 axb6 12. Nb5 Be7 13. Bf4 Ra5 14. Nd6
Bxd6 15. Bxd6 Re8 16. b4 Ra8 17. Rfc1 Ne4 18. Bf4 Bd7 19. Rd1 Nc3 20. Re1
Nb5 21. a4 Nbxd4 22. Nxd4 Nxd4 23. Rac1 Bxa4 24. Be3 Nc6 25. Bxb6 Nxb4 26.
Rc3 Nc6 27. Ra1 Bb5 28. Re1 Ra6 29. Bc5 Ra2 30. e3 Rea8 31. Rcc1 Ne5 32. Rb1
Bc6 33. Bd4 Nd3 34. Rf1 e5 35. Bc3 R8a3 36. Bb4 Nxb4 37. Rxb4 Ra1 38. Rbb1
Rxb1 39. Rxb1 Kf8 40. Bf1 Ke7 41. Bb5 Kd6 42. Bf1 d4 43. exd4 exd4 44. Rd1
Kc5 45. Rc1+ Rc3 46. Re1 b6 47. Re5+ Kb4 48. Re7 Rc1 49. Rc7 d3 50. Rxf7 d2
51. Rf4+ Ka5 52. f3 d1=Q 53. Rf5+ Rc5 54. Rf4 Bb5 55. Ra4+ Kxa4 {White
resigns} 0-1

[Event "ICC tourney 2148 (70 10)"]
[Site "Internet Chess Club"]
[Date "2020.11.22"]
[Round "6"]
[White "MissCalculation"]
[Black "leonlunachen"]
[Result "0-1"]
[ICCResult "White checkmated"]
[WhiteElo "1006"]
[BlackElo "755"]
[Opening "Queen's pawn game"]
[ECO "D02"]
[NIC "QP.08"]
[Time "19:31:31"]
[TimeControl "4200+10"]

1. d4 d5 2. Nf3 e6 3. g3 Nf6 4. Bg2 c5 5. O-O Nc6 6. Bg5 h6 7. Bf4 Bd6 8.
Bxd6 Qxd6 9. e3 O-O 10. Nbd2 c4 11. c3 b5 12. Qc2 Bd7 13. Rfe1 b4 14. b3
cxb3 15. axb3 bxc3 16. Qxc3 Rac8 17. Qd3 Nb4 18. Qb1 Nc2 19. Rxa7 Nxe1 20.
Qxe1 Ra8 21. Qa1 Bc6 22. Ne5 Nd7 23. Nxc6 Qxc6 24. Nf3 Rxa7 25. Qxa7 Ra8 26.
Ne5 Qc1+ 27. Bf1 Rxa7 28. Kg2 Nxe5 29. dxe5 Ra1 30. Be2 Qh1+ 31. Kh3 Ra2 32.
b4 Rxe2 33. b5 Rxf2 34. b6 h5 35. Kh4 Qxh2+ 36. Kg5 Qxg3+ 37. Kxh5 Rh2#
{White checkmated}
0-1

[Event "ICC tourney 2148 (70 10)"]
[Site "Internet Chess Club"]
[Date "2020.11.22"]
[Round "6"]
[White "apiguponarock"]
[Black "Jcscake"]
[Result "0-1"]
[ICCResult "White resigns"]
[WhiteElo "842"]
[BlackElo "1124"]
[Opening "Scotch: Potter variation"]
[ECO "C45"]
[NIC "SO.05"]
[Time "19:31:33"]
[TimeControl "4200+10"]

1. e4 e5 2. Nf3 Nc6 3. d4 exd4 4. Nxd4 Bc5 5. Nb3 Bb6 6. Nc3 d6 7. Qe2 h6 8.
Be3 Bxe3 9. Qxe3 Nf6 10. f3 O-O 11. O-O-O Qe7 12. g3 Rd8 13. Qf2 Be6 14. Bg2
a5 15. Nd5 Bxd5 16. exd5 Nb4 17. Rhe1 Qd7 18. a3 Nbxd5 19. f4 c6 20. h3 b5
21. g4 a4 22. Nd2 Rab8 23. Ne4 Nxe4 24. Bxe4 Nf6 25. Bg2 b4 26. Qg3 bxa3 27.
Qxa3 Ra8 28. Rd4 d5 29. Rxa4 Rxa4 30. Qxa4 Re8 31. Qa5 Rxe1+ 32. Qxe1 Qd6
33. Qe3 Qb4 34. Bf3 Qa4 35. Kd2 Qa5+ 36. c3 Qa2 37. Qb6 Qc4 38. Qe3 Qf1 39.
Be2 Qb1 40. b4 Ne4+ 41. Qxe4 {White resigns} 0-1

[Event "ICC tourney 2148 (70 10)"]
[Site "Internet Chess Club"]
[Date "2020.11.22"]
[Round "6"]
[White "ADJ"]
[Black "roh007"]
[Result "0-1"]
[ICCResult "White checkmated"]
[WhiteElo "827"]
[BlackElo "1200"]
[Opening "Queen's pawn game"]
[ECO "D00"]
[NIC "QP.08"]
[Time "19:31:18"]
[TimeControl "4200+10"]

1. d4 d5 2. e3 Nf6 3. c4 e6 4. Qa4+ Bd7 5. Qc2 Nc6 6. a3 Bd6 7. Bd3 e5 8.
cxd5 Nxd5 9. e4 Nxd4 10. Qd1 Nb6 11. Ne2 c5 12. Nbc3 Qc7 13. Nxd4 exd4 14.
Nb5 Bxb5 15. Bxb5+ Ke7 16. Qg4 Be5 17. f4 a6 18. Be2 d3 19. Bxd3 Bd4 20. e5
c4 21. Be4 g6 22. Qg5+ Ke8 23. Qh6 Rd8 24. Ke2 c3 25. b3 Nd5 26. Qg7 c2 27.
Ra2 Nc3+ 28. Kf3 Nxe4 29. Qxh8+ Ke7 30. Qxh7 Qc3+ 31. Kxe4 Qc6+ 32. Kd3 Ba7+
33. Ke2 Qxg2+ 34. Ke1 Rd1# {White checkmated} 0-1

[Event "ICC tourney 2148 (70 10)"]
[Site "Internet Chess Club"]
[Date "2020.11.22"]
[Round "6"]
[White "StockAlpha2020"]
[Black "Nani123"]
[Result "1-0"]
[ICCResult "Black resigns"]
[WhiteElo "1282"]
[BlackElo "1061"]
[Opening "QGD: 4.Nf3"]
[ECO "D37"]
[NIC "QO.16"]
[Time "19:31:33"]
[TimeControl "4200+10"]

1. d4 d5 2. c4 e6 3. Nc3 Nf6 4. Nf3 Nbd7 5. Bg5 Be7 6. e3 c5 7. cxd5 exd5 8.
Bb5 cxd4 9. exd4 O-O 10. O-O Nb6 11. Re1 a6 12. Bd3 Bg4 13. Be2 Bb4 14. a3
Be7 15. Ne5 Bxe2 16. Qxe2 Re8 17. Qf3 Nbd7 18. Nxd5 Nxd5 19. Qxf7+ Kh8 20.
Qxd5 Nxe5 21. Qxd8 Bxd8 22. Bxd8 Raxd8 23. Rxe5 Rf8 24. d5 Rf7 25. Rae1 Rff8
26. h3 h6 27. R1e3 Kh7 28. Rd3 Rd6 29. Re7 b6 30. Rg3 Rg8 31. Rd3 Rgd8 32.
Re5 a5 33. Kf1 Kg8 34. Ke2 Kf7 35. Ke3 R8d7 36. Ke4 g6 37. Rf3+ Kg7 38. g4
g5 39. h4 gxh4 40. Rh3 Rf6 41. f4 Rc7 42. Rc3 Rcf7 43. f5 Rd6 44. Re6 Rxe6+
45. fxe6 Rf1 46. d6 Re1+ 47. Re3 Rd1 48. d7 Kf6 49. Rd3 Re1+ 50. Kd5 Ke7 51.
Kc6 Rc1+ 52. Kxb6 {Black resigns} 1-0

[Event "ICC tourney 2148 (70 10)"]
[Site "Internet Chess Club"]
[Date "2020.11.22"]
[Round "6"]
[White "GoodOldBell"]
[Black "truelegend17"]
[Result "1-0"]
[ICCResult "Black resigns"]
[WhiteElo "1195"]
[BlackElo "886"]
[Opening "Giuoco Pianissimo: Italian four knights variation"]
[ECO "C55"]
[NIC "IG.01"]
[Time "19:31:32"]
[TimeControl "4200+10"]

1. e4 e5 2. Nf3 Nc6 3. Bc4 Nf6 4. Nc3 Bc5 5. d3 h6 6. O-O d6 7. h3 O-O 8.
Be3 Nd4 9. Bxd4 Bxd4 10. Nxd4 exd4 11. Ne2 c5 12. Qd2 Re8 13. Ng3 Re5 14. f4
Re7 15. f5 Re5 16. Rae1 Bd7 17. Ne2 b5 18. Bb3 Rc8 19. a3 Qb6 20. Ba2 c4 21.
Kh1 a5 22. Rf3 Rc7 23. Rg3 Kh7 24. Nf4 Bc8 25. Qd1 Bb7 26. Nh5 Ne8 27. Qg4
f6 28. Qg6+ Kh8 29. Nf4 Ree7 30. Qh5 Kh7 31. Ng6 Rf7 32. Nf4 Rfe7 33. Qg6+
Kh8 34. Ne6 Rcd7 35. Nf8 {Black resigns} 1-0

[Event "ICC tourney 2148 (70 10)"]
[Site "Internet Chess Club"]
[Date "2020.11.22"]
[Round "6"]
[White "whale-lines"]
[Black "ydouneed2know"]
[Result "1-0"]
[ICCResult "Black checkmated"]
[WhiteElo "947"]
[BlackElo "1076"]
[Opening "Giuoco Piano: Greco variation"]
[ECO "C54"]
[NIC "IG.02"]
[Time "19:32:10"]
[TimeControl "4200+10"]

1. e4 e5 2. Nf3 Nc6 3. Bc4 Bc5 4. c3 Nf6 5. d4 exd4 6. cxd4 Bb4+ 7. Nc3 Nxe4
8. O-O Nxc3 9. bxc3 Bxc3 10. Qb3 Bxa1 11. Bxf7+ Kf8 12. Re1 Ne7 13. Bg5 d6
14. Bxe7+ Qxe7 15. Rxe7 Kxe7 16. Bg8 Rxg8 17. Qxg8 b6 18. Qxg7+ Kd8 19. Qf8+
Kd7 20. d5 Bb7 21. Qf5+ Kd8 22. Ng5 c6 23. Ne6+ Kc8 24. Qf8+ Kd7 25. Qf7+
Kc8 26. Qc7# {Black checkmated} 1-0

[Event "ICC tourney 2148 (70 10)"]
[Site "Internet Chess Club"]
[Date "2020.11.22"]
[Round "6"]
[White "ccec28"]
[Black "SaiC"]
[Result "0-1"]
[ICCResult "White checkmated"]
[WhiteElo "792"]
[BlackElo "1002"]
[Opening "French: Winawer, fingerslip variation"]
[ECO "C15"]
[NIC "FR.08"]
[Time "19:31:30"]
[TimeControl "4200+10"]

1. e4 e6 2. d4 d5 3. Nc3 Bb4 4. Bd2 Nf6 5. e5 Bxc3 6. Bxc3 Nfd7 7. Nf3 c5 8.
Be2 cxd4 9. Qxd4 Nc6 10. Qg4 Rg8 11. Qh5 h6 12. O-O Qe7 13. Bd3 Nf8 14. Qg4
Bd7 15. Qa4 Nxe5 16. Qf4 Nfg6 17. Qg3 Nxf3+ 18. Qxf3 e5 19. Bxg6 fxg6 20.
Qxd5 O-O-O 21. Bxe5 Bc6 22. Qa5 Rd5 23. Qxa7 Qxe5 24. Qa8+ Qb8 25. Qa3 Rg5
26. g3 Qf4 27. Qc3 Qh4 28. f3 Qh3 29. g4 Rxg4+ 30. fxg4 Qg2# {White
checkmated} 0-1

[Event "ICC tourney 2148 (70 10)"]
[Site "Internet Chess Club"]
[Date "2020.11.22"]
[Round "6"]
[White "BongCloudMaster"]
[Black "joshbleicher"]
[Result "1-0"]
[ICCResult "Black checkmated"]
[WhiteElo "1105"]
[BlackElo "816"]
[Opening "Grünfeld: exchange variation"]
[ECO "D85"]
[NIC "GI.03"]
[Time "19:32:10"]
[TimeControl "4200+10"]

1. d4 Nf6 2. c4 g6 3. Nc3 d5 4. cxd5 Nxd5 5. e4 Nb6 6. Nf3 Bg7 7. Be3 O-O 8.
Be2 N8d7 9. O-O e5 10. Qd2 f6 11. Bh6 Qe7 12. Bxg7 Kxg7 13. g3 Rd8 14. d5
Nc5 15. Kg2 c6 16. Rh1 Be6 17. h4 cxd5 18. exd5 Nxd5 19. Nxd5 Bxd5 20. Qe3
Bc6 21. h5 g5 22. h6+ Kg6 23. Kg1 Bxf3 24. Qxf3 Kf7 25. Qf5 Rh8 26. Bh5+ Kf8
27. Kg2 Qe6 28. Qc2 Qc6+ 29. Kh2 e4 30. Qc4 Ne6 31. Qb4+ Nc5 32. Rac1 b6 33.
Qc4 Qb7 34. Qd4 Qe7 35. Qe3 f5 36. Qc3 Rg8 37. b4 Nd3 38. Qc8+ Qd8 39. Qxf5+
Ke7 40. Qxe4+ Kf8 41. Qf5+ Ke7 42. Qxh7+ Kf6 43. Rc6+ Ke5 44. Bf3 Qd4 45.
Qe7+ Kf5 46. Qe6# {Black checkmated} 1-0